 Dungeon Crawl Stone Soup version 0.26.0-11-g8f856b5395 (webtiles) character file.

Game seed: 10714474661999857504

412 Descartes the Magician (level 6, -7/32 HPs)
             Began as a Deep Elf Hedge Wizard on Jan 15, 2021.
             Killed by divine providence
             ... invoked by an orc priest
              (11 damage)
             ... on level 4 of the Dungeon.
             The game lasted 00:12:54 (4340 turns).

Descartes the Magician (Deep Elf Hedge Wizard)      Turns: 4340, Time: 00:12:55

Health: -7/32      AC:  4    Str:  8    XL:     6   Next: 59%
Magic:  0/15       EV: 13    Int: 20    God:
Gold:   138        SH:  5    Dex: 14    Spells: 14/15 levels left

rFire    + . .     SeeInvis .   u - +2 dagger (venom)
rCold    + . .     Faith    .   (no shield)
rNeg     . . .     Spirit   .   j - +2 robe {rC+ rF+}
rPois    .         Reflect  +   c - +0 hat
rElec    .         Harm     .   (no cloak)
rCorr    .         Rampage  .   (no gloves)
Will     .....                  (no boots)
Stlth    +++.......             r - amulet of reflection
HPRegen  0.10/turn              (no ring)
MPRegen  0.14/turn              (no ring)

@: no status effects
A: no striking features
a: no special abilities


You were on level 4 of the Dungeon.
You visited 1 branch of the dungeon, and saw 4 of its levels.

You collected 138 gold pieces.

Inventory:

Hand Weapons
 u - a +2 dagger of venom (weapon)
Missiles
 f - 12 arrows
 i - 136 stones
 s - a throwing net
 x - 6 boomerangs
Armour
 c - a +0 hat (worn)
 j - a +2 robe of resistance (worn)
 m - a +2 kite shield
Jewellery
 e - an uncursed amulet of magic regeneration
 r - an amulet of reflection (around neck)
 v - an uncursed ring of stealth
Scrolls
 a - 2 scrolls of teleportation {unknown}
 d - 5 scrolls of identify {unknown}
 l - a scroll of magic mapping {unknown}
 q - 2 scrolls of blinking {unknown}
 t - a scroll of immolation {unknown}
 w - a scroll of remove curse {unknown}
Potions
 b - a potion of ambrosia {unknown}
 g - 2 potions of curing {unknown}
 h - 2 potions of might {unknown}
 k - a potion of invisibility {unknown}
 n - a potion of heal wounds {unknown}
 o - a potion of berserk rage {unknown}
 p - 2 potions of mutation {unknown}


   Skills:
 - Level 2.4 Dodging
 - Level 5.0 Stealth
 + Level 2.1 Shields
 - Level 5.0 Spellcasting
 + Level 3.8 Conjurations
 - Level 1.1 Summonings
 + Level 3.7 Translocations


You had 14 spell levels left.
You knew the following spells:

 Your Spells              Type           Power        Failure   Level
a - Magic Dart            Conj           80%          2%          1

Your spell library contained the following spells:

 Spells                   Type           Power        Failure   Level
 Blink                    Tloc           N/A          3%          2
 Call Imp                 Summ           9%           11%         2
 Conjure Flame            Conj/Fire      12%          16%         3
 Slow                     Hex            5%           17%         2
 Mephitic Cloud           Conj/Pois/Air  10%          21%         3


Dungeon Overview and Level Annotations

Branches:
Dungeon (4/15)
 Temple: D:4-7

Altars:
Elyvilon


Message History

Aim: an orc wizard, wielding a +0 dagger and wearing a +0 robe (almost dead, fast, 0% to evade)
The magic dart hits the orc wizard but does no damage.
The orc wizard is almost dead.
The orc wizard casts a spell at you. The puff of frost hits you. You resist.
* * * LOW HITPOINT WARNING * * *
Casting: Magic Dart (safe; 2% risk of failure)
Confirm with . or Enter, or press ? or * to list all spells.
Aiming: Magic Dart (safe; 2% risk of failure)
Press: ? - help, Shift-Dir - straight line, f/p - orc wizard
Aim: an orc wizard, wielding a +0 dagger and wearing a +0 robe (almost dead, fast, 0% to evade)
The magic dart hits the orc wizard.
You kill the orc wizard!
The orc priest calls upon Beogh to heal the orc.
The orc's wounds heal themselves!
Training target 5.0 for Stealth reached!
Your Stealth skill increases to level 5!
The orc priest invokes the aid of Beogh against you.
Beogh smites you!
You die...

## .# #. .# .# . .# .#.#
.# .#. .# o. .# .#
.#######################.#
................@oo.l.oo.#
.#########################
.....# .###.# .# #.# .#
#.# .# #.# .###.########
.............


You could see an orc priest, 3 orcs and a frilled lizard.

Vanquished Creatures
  Sigmund (D:2)
  3 orc wizards
  4 adders
  An ooze (D:1)
  3 worms (D:2)
  2 dart slugs
  2 leopard geckos (D:1)
  15 orcs
  6 giant cockroaches
  8 goblins
  9 hobgoblins
  17 jackals
  9 kobolds
  A quokka (D:3)
  2 ball pythons (D:1)
  11 bats
  17 rats
111 creatures vanquished.

Notes
Turn   | Place    | Note
-------+----------+-------------------------------------------
     0 | D:1      | Descartes the Deep Elf Hedge Wizard began the quest for the
                  | Orb.
     0 | D:1      | Reached XP level 1. HP: 10/10 MP: 7/7
   351 | D:1      | Reached XP level 2. HP: 15/15 MP: 5/9
  1035 | D:1      | Reached XP level 3. HP: 19/19 MP: 2/11
  1519 | D:2      | Reached skill level 5 in Spellcasting
  1649 | D:2      | Noticed Sigmund
  1664 | D:2      | Killed Sigmund
  1665 | D:2      | Reached skill level 1 in Shields
  1665 | D:2      | Reached XP level 4. HP: 7/24 MP: 5/13
  1665 | D:2      | Reached XP level 5. HP: 8/28 MP: 5/14
  2222 | D:2      | Found a faded altar of an unknown god.
  3215 | D:3      | Reached XP level 6. HP: 29/32 MP: 1/15
  3884 | D:3      | Found a white marble altar of Elyvilon.
  4340 | D:4      | Reached skill level 5 in Stealth
  4340 | D:4      | Killed from afar by an orc priest

Illustrated notes

Levels and vault maps discovered:
D:1:      ncdulo_smallfort, layout_rooms, minmay_misc_feat_iff,
          minmay_pentomino_s4
D:2:      layout_basic, chequers_ecumenical_altar_simple_redux,
          mrwooster_statue_mirror, uniq_sigmund
D:3:      layout_basic, elyvilon_altar_5
D:4:      layout_basic, old_standard_altar, gammafunk_temple_overflow_statue,
          minmay_joined_circles

Skill      XL: |  1  2  3  4  5  6 |
---------------+-------------------+-----
Stealth        | 3 4 5 |  5.0
Translocations | 3 |  3.7
Conjurations   | 3 |  3.8
Spellcasting   | 5 |  5.0
Shields        | 1 2 |  2.1
Dodging        | |  2.4
Summonings     | |  1.1

Action                   |  1- 3 |  4- 6 || total
-------------------------+-------+-------++-------
Melee: Dagger            |    13 |    28 ||    41
 Cast: Magic Dart        |   110 |   203 ||   313
Armor: Robe              |     2 |    19 ||    21
Dodge: Dodged            |    26 |    32 ||    58
Block: Other             |       |    22 ||    22
       Reflection        |       |     3 ||     3
